AoeStats
← VakorTV

Hill Fort

505917301Analyzed
4v4 RM · 20d ago on Sep 11, 2026· 57m 24s· 8 players
Game mode
Random Map
Map size
Large (8 player)
Population
200
Speed
Normal
Resources
Standard
Victory
Conquest
Starting age
Dark Age
Ending age
Imperial Age
RankedLock teamsTeams togetherTeam positionsShared explorationLock speedFull tech treeHidden civsTurbo modeCheats
Victory
Defeat
🇺🇸 Spanish · United States
1252
+12
🇧🇷 Magyars · Brazil
1214
+13
🇹🇼 Japanese · Taiwan
1161
+15
🇹🇼 Byzantines · Taiwan
1152
+17
🇫🇷 Malay · France
1176
-15
🇧🇪 Maya · Belgium
1165
-15
🇹🇼 Poles · Taiwan
1146
-14
🇪🇸 Portuguese · Spain
1122
-13
VakorTV
11:24 Feudal Age
16:30 Castle Age
14:30 Double-Bit Axe
14:48 Horse Collar
16:35 Wheelbarrow
16:42 Loom
17:58 Bow Saw
25:10 Hand Cart
24:54 Gold Mining
25:10 Stone Mining
25:40 Town Watch
26:45 Gold Shaft Mining
26:45 Stone Shaft Mining
26:15 Heavy Plow
28:29 Forging
31:33 Imperial Age
28:54 Pikeman
28:54 Man-at-Arms
29:35 Squires
29:21 Arson
30:15 Iron Casting
30:08 Long Swordsman
31:07 Forced Levy
31:28 Conscription
30:48 Halberdier
30:49 Two-Handed Swordsman
32:48 Blast Furnace
41:58 Crop Rotation
44:51 Fletching
45:21 Bodkin Arrow
46:09 Bracer
46:09 Padded Archer Armor
47:47 Chemistry
47:08 Ballistics
46:10 Elite Skirmisher
46:56 Thumb Ring
48:04 Leather Archer Armor
50:00 Ring Archer Armor
Slingmachine
13:32 Feudal Age
17:10 Castle Age
22:13 Imperial Age
19:36 Double-Bit Axe
21:28 Bow Saw
21:14 Horse Collar
21:30 Loom
23:54 Two-Man Saw
24:47 Chemistry
25:18 Gold Mining
神鬼戰士
0:27 Loom
13:04 Feudal Age
14:35 Wheelbarrow
13:45 Town Watch
13:43 Horse Collar
13:52 Double-Bit Axe
19:32 Castle Age
20:31 Bow Saw
20:28 Heavy Plow
21:06 Hand Cart
21:24 Stone Mining
23:46 Gold Mining
28:25 Fletching
31:59 Imperial Age
29:59 Scale Barding Armor
30:04 Forging
29:58 Bodkin Arrow
31:24 Chain Barding Armor
31:39 Murder Holes
32:05 Ballistics
31:13 Light Cavalry
31:53 Husbandry
32:04 Bloodlines
32:40 Iron Casting
32:06 Capped Ram
33:20 Conscription
32:52 Winged Hussar
33:45 Bracer
36:00 Chemistry
35:06 Siege Engineers
37:42 Crop Rotation
39:13 Blast Furnace
39:46 Siege Ram
43:08 Scale Mail Armor
FlowCycling
0:29 Loom
10:19 Feudal Age
12:18 Double-Bit Axe
15:07 Horse Collar
23:02 Castle Age
21:56 Gold Mining
21:57 Stone Mining
23:11 Fletching
23:22 Padded Archer Armor
23:15 Crossbowman
23:25 Pikeman
24:06 Squires
25:28 Bow Saw
26:41 Bodkin Arrow
27:35 Wheelbarrow
27:14 Thumb Ring
35:26 Imperial Age
34:31 Leather Archer Armor
34:28 Forging
34:18 Scale Mail Armor
34:40 Arson
34:58 Heavy Plow
35:34 Halberdier
37:17 Arbalester
40:22 Chemistry
39:34 Masonry
40:30 Ballistics
40:21 Fortified Wall
40:44 Conscription
43:19 Hoardings
44:09 Bracer
46:58 Ring Archer Armor
47:03 Iron Casting
46:44 Chain Mail Armor
Bile
9:54 Feudal Age
10:42 Feudal Age
11:25 Horse Collar
12:11 Double-Bit Axe
14:20 Loom
16:59 Castle Age
25:19 Wheelbarrow
24:35 Town Watch
25:32 Heavy Plow
30:17 Imperial Age
28:36 Padded Archer Armor
28:41 Scale Barding Armor
29:52 Bloodlines
29:43 Husbandry
30:18 Bow Saw
30:38 Hand Cart
31:05 Chain Barding Armor
30:30 Cavalier
31:26 Gold Mining
33:52 Gold Shaft Mining
34:13 Conscription
33:58 Fletching
35:00 Crop Rotation
35:49 Bodkin Arrow
41:41 Parthian Tactics
48:32 Bracer
48:48 Leather Archer Armor
48:25 Heavy Cavalry Archer
只會5TC
11:31 Feudal Age
15:25 Castle Age
13:36 Double-Bit Axe
14:20 Stone Mining
15:14 Horse Collar
16:25 Bow Saw
17:53 Loom
21:30 Wheelbarrow
22:40 Gold Mining
23:38 Hand Cart
27:53 Imperial Age
26:51 Gold Shaft Mining
26:54 Yasama
27:19 Town Watch
28:28 Thumb Ring
28:22 Fletching
31:10 Bloodlines
31:01 Husbandry
31:06 Bodkin Arrow
31:12 Padded Archer Armor
31:38 Ballistics
32:47 Town Patrol
33:31 Kataparuto
33:33 Conscription
34:21 Chemistry
33:17 Murder Holes
34:27 Parthian Tactics
35:00 Heavy Cavalry Archer
36:49 Elite Samurai
37:13 Elite Samurai
37:59 Bracer
39:11 Forging
39:01 Scale Mail Armor
41:26 Guard Tower
43:46 Keep
44:55 Two-Man Saw
43:58 Heavy Plow
44:38 Iron Casting
44:18 Chain Mail Armor
44:29 Leather Archer Armor
53:17 Ring Archer Armor
MessiahOVO
10:34 Feudal Age
11:30 Double-Bit Axe
12:17 Horse Collar
19:25 Castle Age
18:33 Scale Barding Armor
18:41 Forging
19:49 Gold Mining
20:24 Husbandry
21:01 Bow Saw
20:55 Heavy Plow
22:40 Chain Barding Armor
25:36 Iron Casting
25:29 Loom
28:06 Fletching
28:19 Treadmill Crane
28:50 Fortified Wall
39:56 Imperial Age
41:40 Wheelbarrow
40:56 Elite Skirmisher
41:41 Thumb Ring
41:39 Bodkin Arrow
41:46 Padded Archer Armor
43:20 Chemistry
42:40 Ballistics
43:34 Leather Archer Armor
44:25 Conscription
48:08 Plate Barding Armor
48:40 Murder Holes
49:12 Logistica
49:29 Hand Cart
49:27 Elite Cataphract
50:07 Heavy Camel Rider
FetusDeletus
10:29 Feudal Age
16:00 Castle Age
14:14 Double-Bit Axe
16:46 Loom
16:49 Town Watch
18:48 Wheelbarrow
21:56 Scale Barding Armor
29:37 Imperial Age
27:31 Hand Cart
27:19 Town Patrol
28:04 Chain Barding Armor
28:09 Husbandry
28:57 Forging
29:03 Gold Mining
29:24 Bow Saw
30:21 Iron Casting
29:47 Cavalier
31:06 Plate Barding Armor
32:56 Bloodlines
36:47 Blast Furnace
36:29 Paladin
37:14 Caravan
37:45 Coinage
40:17 Two-Man Saw
39:46 Stone Mining
42:42 Conscription
43:26 Chemistry
42:18 Fletching
49:38 Horse Collar
50:10 Capped Ram
52:11 Siege Ram
Connection lost

Rejoining the realm…

Still unreachable

The connection could not be restored.

Session expired

The server has moved on; the page needs a fresh start.